 Dungeon Crawl Stone Soup version 0.25-a0-279-g53730b6a6f (webtiles) character file.

Game seed: 11872302127225079674, levelgen mode: deterministic

87 Anathary the Sneak (level 4, 0/29 HPs)
             Began as an Octopode Assassin on Dec 10, 2019.
             Slain by Grinder (7 damage)
             ... while paralysed by Grinder
             ... on level 3 of the Dungeon.
             The game lasted 00:09:16 (2677 turns).

Anathary the Sneak (Octopode Assassin)              Turns: 2677, Time: 00:09:17

Health: 0/29       AC:  1    Str: 10    XL:     4   Next: 51%
Magic:  4/4        EV:  2    Int: 13    God:
Gold:   75         SH:  0    Dex: 14    Spells: 3/3 levels left

rFire    . . .     SeeInvis .   a - +2 dagger
rCold    . . .     Gourm    .   (no shield)
rNeg     . . .     Faith    .   (helmet restricted)
rPois    .         Spirit   .   (no amulet)
rElec    .         Reflect  .   (no ring)
rCorr    .         Harm     .   (no ring)
MR       .....                  (no ring)
Stlth    +++++.....             (no ring)
HPRegen  0.09/turn              (no ring)
MPRegen  0.09/turn              (no ring)
                                (no ring)
                                (no ring)

@: paralysed
A: almost no armour, stealthy swim, amphibious, 8 rings, constrict 8, camouflage
1, gelatinous body 1
a: no special abilities


You were on level 3 of the Dungeon.
You were not hungry.

You visited 1 branch of the dungeon, and saw 3 of its levels.

You collected 75 gold pieces.

Inventory:

Hand Weapons
 a - a +2 dagger (weapon)
Missiles
 b - 20 poisoned darts (quivered)
 c - 2 curare-tipped darts
Scrolls
 e - a scroll of fear {unknown}
 f - 2 scrolls of identify {unknown}
 g - 2 scrolls of immolation {unknown}
 h - a scroll of amnesia {unknown}
 j - a scroll of magic mapping {unknown}
 k - 2 scrolls of teleportation {unknown}
Potions
 i - a potion of agility {unknown}
 l - a potion of mutation {unknown}
Comestibles
 d - 3 rations


   Skills:
 - Level 2.0 Fighting
 + Level 2.1 Short Blades
 - Level 2.0 Throwing
 + Level 1.1 Dodging
 * Level 7.9 Stealth


You had 3 spell levels left.
You didn't know any spells.
Your spell library was empty.

Dungeon Overview and Level Annotations

Branches:
Dungeon (3/15)

Altars:
Ashenzari
Makhleb
Vehumet
The Shining One

Annotations:
D:3 Grinder


Innate Abilities, Weirdness & Mutations

You cannot wear most types of armour.
You are very stealthy in the water. (Stealth+)
You are amphibious.
You can wear up to eight rings at the same time.
You can use your tentacles to constrict eight enemies at once.
Your skin changes colour to match your surroundings (Stealth+).
Your rubbery body absorbs attacks. (AC +1, EV +1)


Message History

There is an open door here.
Grinder gestures at you.
You suddenly lose the ability to move!
You can move again.
You closely miss Grinder. You grab Grinder. You constrict Grinder.
Grinder hits you.
You writhe in agony.
You hit Grinder.
Grinder is lightly wounded.
You constrict Grinder. Grinder gestures at you.
You suddenly lose the ability to move!
You lose your grip on Grinder.
Grinder hits you. Grinder gestures at you. Pain shoots through your body!
* * * LOW HITPOINT WARNING * * *
Grinder hits you but does no damage. x2
Grinder gestures at you.
You barely resist. Grinder hits you!
You die...

###....###.........#
.........+..w?.....+
#.#...## #.........#
#.# ## #.......# #.#
#.....# #.# #.5.#
#.# #'# #.#
##.########.#
#.#####
#..5@.......#
.....(#
#..##########
#.###.#######...##
#..........#.....#
#..##.##.#.##...##
#......#.#.##..##
##..).(..#.##.##
..............#
##.........####


You could see Grinder.

Vanquished Creatures
  2 adders (D:2)
  2 oozes
  2 dart slugs
  3 leopard geckos
  2 giant cockroaches
  7 goblins
  5 hobgoblins
  A quokka (D:2)
  5 bats
  9 frilled lizards
  13 kobolds
  4 rats
55 creatures vanquished.

Notes
Turn   | Place    | Note
-------+----------+-------------------------------------------
     0 | D:1      | Anathary the Octopode Assassin began the quest for the Orb.
     0 | D:1      | Reached XP level 1. HP: 14/14 MP: 1/1
    54 | D:1      | Found a glowing golden altar of the Shining One.
   238 | D:1      | Reached skill level 6 in Stealth
   238 | D:1      | Reached XP level 2. HP: 6/19 MP: 2/2
   793 | D:1      | Reached XP level 3. HP: 12/24 MP: 3/3
   955 | D:1      | Reached skill level 7 in Stealth
  1646 | D:2      | Found a shattered altar of Ashenzari.
  1942 | D:2      | Reached XP level 4. HP: 29/29 MP: 4/4
  2531 | D:2      | Found a radiant altar of Vehumet.
  2531 | D:2      | Found a burning altar of Makhleb.
  2662 | D:3      | Noticed Grinder
  2664 | D:3      | Paralysed by Grinder for 2 turns
  2671 | D:3      | Paralysed by Grinder for 6 turns
  2677 | D:3      | Slain by Grinder

Levels and vault maps discovered:
D:1:      eino_arrival_cavern_b, layout_loops_corners, tso_metal_star
D:2:      minmay_kobold_bridge, layout_basic, gammafunk_temple_overflow_wave,
          ashenzari_conservatory_becter, first_ration, minmay_misc_feat_alley,
          minivault_11, grunt_decor_cap, minmay_lizard_pond
D:3:      cheibrodos_pilgrimage, layout_loops_corners, uniq_grinder

Skill      XL: |  1  2  3 |
---------------+----------+-----
Stealth        | 6 7 |  7.9
Fighting       | |  2.0
Short Blades   | |  2.1
Throwing       | |  2.0
Dodging        | |  1.1

Action                   |  1- 3 |  4- 6 || total
-------------------------+-------+-------++-------
Melee: Dagger            |    53 |    33 ||    86
       Tentacles         |     9 |     5 ||    14
       Constrict         |    11 |     6 ||    17
 Stab: Sleeping          |    19 |     4 ||    23
  Eat: Ration            |     1 |     1 ||     2
Armor: Skin              |     5 |     3 ||     8
Dodge: Dodged            |    15 |    16 ||    31

Table legend:
 A = Non-vault XP
 B = Vault XP
 C = Vault XP percentage of total XP
 D = Non-vault monster count
 E = Vault monster count
 F = Vault count percentage of total count
                 A         B        C        D         E       F
            +---------+---------+-------+---------+---------+-------
      Total |     112 |      13 |  10.4 |      44 |      11 |  20.0
            +---------+---------+-------+---------+---------+-------
        D:1 |      50 |       0 |   0.0 |      24 |       0 |   0.0
        D:2 |      55 |      13 |  19.1 |      16 |      11 |  40.7
        D:3 |       7 |       0 |   0.0 |       4 |       0 |   0.0
            +---------+---------+-------+---------+---------+-------
